 Dungeon Crawl Stone Soup version 0.30-a0-719-gcc4359ea44 (webtiles) character file.

Game seed: 15605542285008177495

25 voltaire321 the Magician (level 3, -2/22 HPs)
             Began as an Octopode Hedge Wizard on Jan 27, 2023.
             Slain by Natasha (4 damage)
             ... on level 2 of the Dungeon.
             The game lasted 00:03:13 (1298 turns).

voltaire321 the Magician (Octopode Hedge Wizard)    Turns: 1298, Time: 00:03:13

Health: -2/22      AC:  1    Str: 15    XL:     3   Next: 4%
Magic:  4/7        EV: 13    Int: 18    God:
Gold:   6          SH:  0    Dex: 11    Spells: 3/8 levels left

rFire   . . .      SeeInvis .    d - +0 dagger
rCold   . . .      Faith    .    (no shield)
rNeg    . . .      Spirit   .    b - +0 hat
rPois   .          Reflect  .    (no amulet)
rElec   .          Harm     .    e - +6 ring of strength
rCorr   .          Rampage  .    (no ring)
Will    .....                    (no ring)
Stlth   +++                      (no ring)
HPRegen 0.23/turn                (no ring)
MPRegen 0.10/turn                (no ring)
                                 (no ring)
                                 (no ring)

@: no status effects
A: almost no armour, amphibious, 8 rings, camouflage 1, gelatinous body 1,
(nimble swimmer 1), tentacles
a: no special abilities


You were on level 2 of the Dungeon.
You visited 1 branch of the dungeon, and saw 2 of its levels.

You collected 56 gold pieces.
You spent 50 gold pieces at shops.

Inventory:

Hand Weapons
 a - a +0 dagger
 d - a +0 dagger (weapon)
Armour
 b - a +0 hat (worn)
Jewellery
 e - a +6 ring of strength (left tentacle)
Scrolls
 f - 2 scrolls of fog {unknown}
 h - a scroll of magic mapping {unknown}
 i - a scroll of enchant weapon {unknown}
 j - 3 scrolls of teleportation
 k - a scroll of identify
Potions
 c - a potion of magic
 g - a potion of curing {unknown}
 l - a potion of flight {unknown}
 m - a potion of lignification {unknown}


   Skills:
 + Level 0.7 Fighting
 + Level 2.2 Dodging
 - Level 2.6 Stealth
 + Level 3.1 Spellcasting
 + Level 1.4 Conjurations
 + Level 1.3 Summonings
 + Level 1.5 Translocations


You had 3 spell levels left.
You knew the following spells:

 Your Spells              Type           Power      Damage    Failure   Level
a - Magic Dart            Conj           28%        1d4       9%          1
b - Call Imp              Summ           7%         N/A       14%         2
c - Blink                 Tloc           16%        N/A       13%         2

Your spell library contained the following spells:

 Spells                   Type           Power      Damage    Failure   Level
 Shock                    Conj/Air       20%        1d4       12%         1
 Slow                     Hex            8%         N/A       16%         1
 Cigotuvi's Dreadful Rot  Necr/Pois/Air  4%         N/A       24%         2
 Mephitic Cloud           Conj/Pois/Air  4%         N/A       36%         3
 Swiftness                Air            2%         N/A       43%         3
 Airstrike                Air            1%         2d(1-17)  85%         4


Dungeon Overview and Level Annotations

Branches:
Dungeon (2/15)

Altars:

Shops:
D:1 ?

Annotations:
D:2 Natasha


Innate Abilities, Weirdness & Mutations

You cannot wear most types of armour.
You are amphibious.
You can wear up to eight rings at the same time.
Your skin changes colour to match your surroundings (Stealth+).
Your rubbery body absorbs attacks. (AC +1, EV +1)
((You are camouflaged when in or above water. (Stealth+)))
You have tentacles for arms and can constrict up to eight enemies at once.


Message History

Press: ? - help, Q - select action, (/) - cycle Shift-Dir - straight line, f - Natasha
Aim: Natasha (fast, ally target, 100% to hit)
The magic dart hits Natasha.
Natasha is lightly wounded.
Natasha stares at you and mumbles some strange words.
The magic dart hits you!
Aiming: Magic Dart (safe; 9% risk of failure)
Press: ? - help, Q - select action, (/) - cycle Shift-Dir - straight line, f/p - Natasha
Aim: Natasha (lightly wounded, fast, ally target, 100% to hit)
The magic dart hits Natasha but does no damage.
Natasha is lightly wounded.
Natasha stares at you and mumbles some strange words.
The magic dart hits you. Natasha claws your white imp!
Natasha casts a spell at you. The magic dart hits your white imp.
Your white imp dies!
Your white imp disappears in a puff of smoke!
Natasha closely misses you.
You hit Natasha but do no damage. Your grab misses Natasha.
Natasha is lightly wounded.
Natasha barely misses you.
Natasha casts a spell.
You hit Natasha but do no damage. Your grab misses Natasha.
Natasha is lightly wounded.
Natasha claws you.
You hit Natasha but do no damage. Your grab misses Natasha.
Your squeeze misses Natasha.
Natasha is lightly wounded.
Natasha casts a spell at you. The magic dart hits you.
* * * LOW HITPOINT WARNING * * *
Natasha casts a spell.
You hit Natasha. Your grab misses Natasha. Your squeeze misses Natasha.
Natasha is moderately wounded.
Natasha misses you.
You closely miss Natasha. Your grab misses Natasha.
Natasha is moderately wounded.
Natasha claws you.
You die...

#.############.#...##
#.#
#...<)..............#
#.#
############...)....#
#.# ...#.#.#####.#
#.##.........#
#.####.#######
#.####.# #!.....#
#@###### #h# #5# .5.
#.# ..# #.# ...


You could see Natasha (fast), a white imp (summoned) and a shadow imp
(summoned).

Vanquished Creatures
  2 dart slugs (D:1)
  2 goblins
  A hobgoblin (D:1)
  3 kobolds (D:1)
  A quokka (D:1)
  4 ball pythons (D:1)
  3 bats (D:1)
  2 frilled lizards (D:1)
  2 rats (D:1)
20 creatures vanquished.

Notes
Turn   | Place    | Note
-------+----------+-------------------------------------------
     0 | D:1      | voltaire321 the Octopode Hedge Wizard began the quest for
                  | the Orb.
     0 | D:1      | Reached XP level 1. HP: 11/11 MP: 4/4
   336 | D:1      | Reached XP level 2. HP: 13/18 MP: 4/6
   671 | D:1      | Learned a level 2 spell: Call Imp
   674 | D:1      | Learned a level 2 spell: Blink
   778 | D:1      | Found Fol Houd's Magic Scroll Boutique.
   786 | D:1      | Bought a scroll of teleportation for 30 gold pieces
   786 | D:1      | Bought a scroll of identify for 20 gold pieces
  1002 | D:1      | Reached XP level 3. HP: 22/22 MP: 1/7
  1288 | D:2      | Noticed Natasha
  1296 | D:2      | HP: 1/22 [Natasha/magic dart (6)]
  1298 | D:2      | Slain by Natasha

Illustrated notes

Levels and vault maps discovered:
D:1:      onia_arrival_pyramid, layout_loops_corners, serial_shops, shop
D:2:      layout_loops_corners, minmay_pentomino_r2, uniq_natasha

Action                     || total
---------------------------++-------
  Melee: Dagger            ||    17
         Constrict         ||     4
         Tentacles         ||     3
   Cast: Magic Dart        ||    38
         Call Imp          ||     1
   Stab: Sleeping          ||     1
 Armour: Skin              ||     3
  Dodge: Dodged            ||    11

Table legend: (Time is in decaauts)
 A = Elapsed time spent in this place.
 B = Non-inter-level travel time spent in this place.
 C = Inter-level travel time spent in this place.
 D = Time resting spent in this place.
 E = Time spent auto-exploring this place.
 F = Levels seen in this place.
 G = Mean time per level.
                   A        B        C        D        E       F      G
               +--------+--------+--------+--------+--------+-----+--------+
         Total |   1296 |   1267 |     29 |     55 |   1064 |   2 |  648.0 |
       Dungeon |   1296 |   1267 |     29 |     55 |   1064 |   2 |  648.0 |
               +--------+--------+--------+--------+--------+-----+--------+

Top non-repeatable levels by time:
     D:1: 1159 daAuts
     D:2: 137 daAuts
